[Event "ESTCC U65 2018"]
[Site "Walbrzych"]
[Date "2018.04.17"]
[Round "4"]
[White "Vinke, Dietmar"]
[Black "Baumbach, Friedrich"]
[Result "1/2-1/2"]
[ECO "D57"]
[WhiteElo "2170"]
[BlackElo "2172"]
[Annotator "NA"]
[PlyCount "85"]
[EventDate "2018.??.??"]
[EventCountry "POL"]
[SourceTitle "playchess.com"]
[Source "ChessBase"]
[SourceQuality "1"]
[WhiteTeam "Finland"]
[BlackTeam "Germany"]
[WhiteTeamCountry "FIN"]
[BlackTeamCountry "GER"]
[TimeControl "40/5400+30:1800+30"]

1. d4 d5 2. c4 e6 3. Nc3 Nf6 4. Bg5 Be7 5. e3 O-O 6. Nf3 h6 7. Bh4 Ne4 8. Bxe7 Qxe7 9. cxd5 Nxc3 10. bxc3 exd5 11. Qb3 Rd8 12. c4 dxc4 13. Bxc4 Nc6 {[%emt 0:01:12] LiveBook: 51 Games} 14. Be2 b6 {[%emt 0:08:42] D57: Queen's Gambit Declined: Lasker Defence: Main line (9 cxd5)} 15. O-O Bb7 16. Rac1 Rac8 17. h3 Na5 18. Qb2 c5 19. dxc5 Rxc5 20. Rxc5 Qxc5 21. Rc1 Qe7 22. Nd4 {[%emt 0:00:13] [#]} Qe5 $146 23. Qb4 Rc8 $11 24. Rxc8+ Bxc8 25. Qb5 Qxb5 26. Nxb5 Ba6 27. Kf1 Bxb5 28. Bxb5 Kf8 29. Ke2 Ke7 30. Kd3 Kd6 31. Be8 Ke7 32. Bb5 Kd6 33. Be8 f6 34. Ke4 Ke6 35. Bb5 f5+ 36. Kd4 Kd6 37. f4 Nc6+ 38. Kc4 Na5+ 39. Kd4 Nc6+ 40. Kc4 Na5+ 41. Kd4 Nc6+ 42. Kc4 Nb8 43. Kd4 {Ke5+ Ke4+} 1/2-1/2

[Event "ESTCC U65 2018"]
[Site "Walbrzych"]
[Date "2018.04.17"]
[Round "4"]
[White "Sorensen, Bent"]
[Black "Buchal, Stephan"]
[Result "0-1"]
[ECO "A04"]
[WhiteElo "2158"]
[BlackElo "2310"]
[Annotator "NA"]
[PlyCount "46"]
[EventDate "2018.??.??"]
[EventCountry "POL"]
[SourceTitle "playchess.com"]
[Source "ChessBase"]
[SourceQuality "1"]
[WhiteTeam "Denmark"]
[BlackTeam "Germany"]
[WhiteTeamCountry "DEN"]
[BlackTeamCountry "GER"]
[TimeControl "40/5400+30:1800+30"]

1. Nf3 g6 2. d4 Bg7 3. e3 Nf6 4. b3 c5 {[%emt 0:02:38] LiveBook: 65 Games} 5. Bd3 O-O 6. O-O cxd4 {[%emt 0:05:05] A48: 1 d4 Nf6 2 Nf3 g6: Torre, London and Colle Systems} (6... b6 7. Bb2 Bb7 8. c4 cxd4 9. exd4 d5 10. Re1 Nc6 11. Nbd2 dxc4 12. bxc4 Nh5 13. Be4 Qc7 14. Qc1 Nb4 15. d5 Nf6 {½-½ (65) Stefanova,A (2518)-Danielian,E (2484) Kazan 2012}) 7. exd4 Nc6 8. c3 d6 9. Nbd2 e5 10. Ba3 $146 ({Predecessor:} 10. dxe5 dxe5 11. Ne4 Bf5 12. Qe2 Bxe4 13. Bxe4 Nxe4 14. Qxe4 Qd7 15. Bb2 Rad8 {0-1 (30) Kende,G (2168)-Szalanczy,E (2380) Balatonlelle 2004}) 10... Re8 11. Re1 Bg4 12. dxe5 Nxe5 13. Be2 Nd5 14. Qc2 $2 (14. Ne4 $15 Nf4 15. Nd4) 14... Nxc3 15. Bf1 Rc8 16. Bc4 Bxf3 17. gxf3 b5 18. Qxc3 Nxc4 19. Qd3 Qg5+ 20. Kh1 Bxa1 $19 21. Ne4 Rxe4 22. fxe4 Nxa3 23. Rxa1 Rc1+ 0-1

[Event "ESTCC U65 2018"]
[Site "Walbrzych"]
[Date "2018.04.17"]
[Round "4"]
[White "Malmdin, Nils-Ake"]
[Black "Hohler, Peter"]
[Result "1-0"]
[ECO "A06"]
[WhiteElo "2154"]
[BlackElo "2076"]
[Annotator "NA"]
[PlyCount "97"]
[EventDate "2018.??.??"]
[EventCountry "POL"]
[SourceTitle "playchess.com"]
[Source "ChessBase"]
[SourceQuality "1"]
[WhiteTeam "Sweden"]
[BlackTeam "Switzerland"]
[WhiteTeamCountry "SWE"]
[BlackTeamCountry "SUI"]
[TimeControl "40/5400+30:1800+30"]

1. Nf3 d5 2. g3 Nf6 3. Bg2 Bf5 4. O-O e6 5. b3 Be7 6. Bb2 h6 7. d3 O-O {[%emt 0:00:55] LiveBook: 121 Games} 8. Nbd2 c5 9. Ne5 Bh7 {[%emt 0:11:37] A07: Réti Opening: New York and Capablanca Systems} 10. e4 (10. c4 Nbd7 11. cxd5 Nxe5 12. Bxe5 Nxd5 13. Qc2 Rc8 14. Rfc1 Qd7 15. Qd1 f6 16. Bb2 e5 17. Qf1 {1-0 (56) Kharlov,A (2557)-Dreev,A (2655) Fuegen 2006}) 10... Nbd7 11. Nxd7 Qxd7 12. e5 Ne8 13. Qe2 Nc7 14. f4 Rab8 15. g4 $146 ({Find the theoretical novelty and annotate with similar games:} 15. c4 b5 16. Rad1 a5 17. Nf3 {½-½ (44) Gagic,M (1807)-Molcanov,S (2010) Paracin 2015}) 15... d4 16. Ne4 Nd5 17. Bc1 b5 18. Bd2 $11 Qc7 19. Ng3 Rfd8 20. Qe1 Qc8 21. Be4 Bxe4 22. Nxe4 Rf8 23. g5 h5 24. Qh4 g6 25. Nf6+ Bxf6 26. gxf6 Ne3 27. Bxe3 dxe3 28. Qg5 Kh7 29. Rf3 Rh8 30. Rxe3 c4 31. Qg2 Qc5 32. Qf2 Qd4 33. Rae1 Rbc8 34. dxc4 bxc4 35. c3 Qb6 36. b4 Rcd8 37. Re4 Qc7 38. Qc5 Qxc5+ 39. bxc5 Rd5 40. Rxc4 Rd2 41. c6 Rb8 42. Rb4 Rc8 43. Rb7 Rxc6 44. Rxf7+ Kh6 45. Rf8 Kh7 46. Rb1 Rb6 47. Rxb6 axb6 48. Rb8 Rxa2 49. f7 1-0

[Event "ESTCC U65 2018"]
[Site "Walbrzych"]
[Date "2018.04.17"]
[Round "4"]
[White "Holst, Per"]
[Black "Kierzek, Matthias"]
[Result "1/2-1/2"]
[ECO "A21"]
[WhiteElo "2140"]
[BlackElo "2272"]
[Annotator "NA"]
[PlyCount "70"]
[EventDate "2018.??.??"]
[EventCountry "POL"]
[SourceTitle "playchess.com"]
[Source "ChessBase"]
[SourceQuality "1"]
[WhiteTeam "Denmark"]
[BlackTeam "Germany"]
[WhiteTeamCountry "DEN"]
[BlackTeamCountry "GER"]
[TimeControl "40/5400+30:1800+30"]

1. c4 e5 2. Nc3 Bb4 3. Nd5 Bc5 4. e3 c6 5. Nc3 d5 6. d4 exd4 {[%emt 0:02:06] LiveBook: 3 Games} 7. exd4 Be7 8. Nf3 Nf6 9. cxd5 cxd5 10. Be2 O-O 11. O-O Nc6 12. Ne5 {[%emt 0:06:25] B14: Caro-Kann: Panov-Botvinnik Attack with 5...e6 and 5...g6} (12. Bf4 Ne4 13. Rc1 Nxc3 14. Rxc3 Bb4 15. Rc1 Bd6 16. Bxd6 Qxd6 17. Re1 Qb4 {½-½ (15) Lalith,B (2594)-Negi,P (2640) Sharjah 2014}) 12... Bf5 13. Be3 Rc8 14. Rc1 Na5 $146 ({Predecessor:} 14... Qa5 15. Qb3 Bd6 16. Nb5 Nxe5 17. Nxd6 Rxc1 18. Rxc1 {1-0 (16) Darnstaedt,F (2345)-Winter,K Leipzig 1994}) 15. Qa4 Qb6 16. Qb5 Qxb5 17. Nxb5 a6 18. Nc3 b5 19. g4 Be6 20. f4 Nc4 21. Nxc4 dxc4 22. f5 Nd5 23. Bd2 Nxc3 $11 24. bxc3 Bd5 25. Bd1 Ba3 26. Ra1 b4 27. Bf3 Bxf3 28. Rxf3 a5 29. Bc1 Bxc1 30. Rxc1 Rfd8 31. h3 bxc3 32. Rf4 Rb8 33. Rxc3 Rb1+ 34. Kg2 Rb2+ 35. Kg3 Rxa2 1/2-1/2

[Event "ESTCC U65 2018"]
[Site "Walbrzych"]
[Date "2018.04.17"]
[Round "4"]
[White "Kradolfer, Georg"]
[Black "Hammar, Bengt"]
[Result "0-1"]
[ECO "A22"]
[WhiteElo "2084"]
[BlackElo "2133"]
[Annotator "NA"]
[PlyCount "68"]
[EventDate "2018.??.??"]
[EventCountry "POL"]
[SourceTitle "playchess.com"]
[Source "ChessBase"]
[SourceQuality "1"]
[WhiteTeam "SUI"]
[BlackTeam "SWE"]
[WhiteTeamCountry "SUI"]
[BlackTeamCountry "SWE"]
[TimeControl "40/5400+30:1800+30"]

1. c4 e5 2. Nc3 Nf6 3. g3 d5 4. cxd5 Nxd5 5. Bg2 Nb6 6. Nf3 Nc6 7. d3 Be7 {[%emt 0:03:43] LiveBook: 520 Games} 8. O-O O-O 9. b3 Be6 10. Bb2 f5 11. Rc1 Bf6 12. Ba3 Rf7 13. e3 Rd7 14. Ne1 e4 15. d4 Ne7 $16 (15... g6 $11) 16. Qe2 Ned5 17. Nxd5 Nxd5 18. f3 Nxe3 19. Rf2 Nxg2 20. Nxg2 Bxd4 21. Ne3 Qg5 22. f4 Qf6 23. Kg2 Rad8 24. Rc2 h6 25. Bb2 Bxb2 26. Rxb2 Rd3 27. Rc2 Qd4 28. Nc4 Bxc4 29. Rxc4 Qd5 30. Kh3 c6 31. Rc2 e3 32. Rf3 Rd2 33. Rxd2 exd2 34. Qd1 Qxf3 0-1

[Event "ESTCC U65 2018"]
[Site "Walbrzych"]
[Date "2018.04.17"]
[Round "4"]
[White "Scrimgour, Alan"]
[Black "Tunik, Gennady"]
[Result "1/2-1/2"]
[ECO "B22"]
[WhiteElo "2083"]
[BlackElo "2351"]
[Annotator "NA"]
[PlyCount "37"]
[EventDate "2018.??.??"]
[EventCountry "POL"]
[SourceTitle "playchess.com"]
[Source "ChessBase"]
[SourceQuality "1"]
[WhiteTeam "Scotland"]
[BlackTeam "Russia"]
[WhiteTeamCountry "SCO"]
[BlackTeamCountry "RUS"]
[TimeControl "40/5400+30:1800+30"]

1. e4 c5 2. c3 d5 3. exd5 Qxd5 4. d4 Nf6 5. Nf3 e6 6. Na3 Qd8 7. Nc4 Nc6 8. Be3 {[%emt 0:04:40] LiveBook: 9 Games B22: Sicilian: 2 c3} (8. Nce5 Nxe5 9. Nxe5 a6 10. Qa4+ Nd7 11. Be3 cxd4 12. Bxd4 f6 13. Nf3 Qc7 14. O-O-O Qc6 15. Qxc6 bxc6 16. Nd2 e5 17. Be3 {½-½ (82) Wang,H (2709)-Le,Q (2737) Riadh 2017}) 8... cxd4 9. Nxd4 Nd5 10. Bd3 Be7 11. O-O $146 ({Predecessor:} 11. Qf3 Nxe3 12. fxe3 Bd7 13. O-O O-O 14. Rad1 g6 15. Qe2 Rc8 {½-½ (70) Bar Ziv,I (2191)-Primakov,V (2444) ICCF email 2014}) 11... O-O 12. Qc2 f5 13. Nxc6 bxc6 14. Bd4 c5 15. Be5 a5 16. Rfe1 $16 Bb7 17. a3 Rf7 18. Rad1 Qc8 19. Bf1 1/2-1/2

[Event "ESTCC U65 2018"]
[Site "Walbrzych"]
[Date "2018.04.17"]
[Round "4"]
[White "Christiansen, Arne"]
[Black "Lehtosaari, Kalevi"]
[Result "1/2-1/2"]
[ECO "D11"]
[WhiteElo "2045"]
[BlackElo "1964"]
[Annotator "NA"]
[PlyCount "48"]
[EventDate "2018.??.??"]
[EventCountry "POL"]
[SourceTitle "playchess.com"]
[Source "ChessBase"]
[SourceQuality "1"]
[WhiteTeam "Denmark"]
[BlackTeam "Finland"]
[WhiteTeamCountry "DEN"]
[BlackTeamCountry "FIN"]
[TimeControl "40/5400+30:1800+30"]

1. d4 d5 2. c4 c6 3. Nf3 g6 4. Nc3 Bg7 5. Bf4 Nf6 6. e3 O-O 7. h3 Nbd7 8. Rc1 e6 9. Bd3 dxc4 10. Bxc4 Nd5 11. Bg3 N7b6 12. Bb3 a5 13. O-O Qe7 14. Ne4 Rd8 15. Nc5 Nd7 16. Nxd7 Bxd7 17. a3 Rac8 18. Qd2 b6 19. Ne5 Be8 20. Rc2 f6 21. Nf3 Kh8 22. e4 Nc7 23. Qe3 Nb5 24. a4 Ra8 1/2-1/2

[Event "ESTCC U65 2018"]
[Site "Walbrzych"]
[Date "2018.04.17"]
[Round "4"]
[White "Koskinen, Veikko"]
[Black "Kolbak, Jens"]
[Result "0-1"]
[ECO "C49"]
[WhiteElo "2012"]
[BlackElo "2213"]
[Annotator "NA"]
[PlyCount "110"]
[EventDate "2018.??.??"]
[EventCountry "POL"]
[SourceTitle "playchess.com"]
[Source "ChessBase"]
[SourceQuality "1"]
[WhiteTeam "Finland"]
[BlackTeam "Denmark"]
[WhiteTeamCountry "FIN"]
[BlackTeamCountry "DEN"]
[TimeControl "40/5400+30:1800+30"]

1. e4 e5 2. Nf3 Nc6 3. Nc3 Nf6 4. Bb5 Bb4 5. O-O O-O 6. Re1 d6 7. h3 Nd4 {[%emt 0:02:40] C49: Four Knights: 4 Bb5 Bb4} (7... Ne7 8. a3 Ba5 9. b4 Bb6 10. Na4 c6 11. Nxb6 axb6 12. Bf1 Ng6 13. Bb2 Re8 14. d4 Qc7 15. Qd2 {1-0 (69) Lioe,D (2356)-Lokesh,N (2181) Puchong 2017}) 8. Bf1 c6 9. Nb1 $146 ({Predecessor:} 9. a3 Ba5 10. b4 Bc7 11. d3 h6 12. Na4 b5 13. Nb2 Be6 14. c4 a5 15. Nxd4 exd4 16. cxb5 cxb5 {1-0 (57) Klyszcz,M (2037)-Schmitz,E Troisdorf 2000}) 9... Ba5 10. c3 Ne6 11. d3 b5 12. g3 Re8 13. Bg2 c5 14. Rf1 Bb7 15. Nbd2 Qc7 16. Qe2 Bb6 17. b3 a5 18. a4 b4 19. c4 g6 20. Qd1 Qe7 21. Nh2 Bd8 22. Ng4 Nxg4 23. Qxg4 Nd4 24. Qd1 Ra7 25. Nf3 Ne6 26. Nh2 h5 27. Be3 Qf8 28. Qd2 Qg7 29. Rab1 Bc8 30. Nf3 g5 31. Ne1 Bf6 32. Qd1 g4 33. h4 Nd4 34. Kh2 Qg6 35. Bxd4 exd4 36. f4 gxf3 37. Bxf3 Be5 38. Rg1 Bg4 39. Qd2 f6 40. Bh1 Rg7 41. Qf2 Kh8 42. Ng2 Reg8 43. Nf4 Qh6 44. Rbf1 Bd7 45. Qf3 Rg4 46. Qf2 Bxf4 47. gxf4 {[%emt 0:00:46] [#]} Rxg1 ({Black should try} 47... f5 $1 48. Rxg4 Rxg4) 48. Rxg1 Rxg1 49. Kxg1 Qg6+ 50. Kf1 Qg4 51. Ke1 {[%emt 0:00:20] [#]} (51. Bf3 $11 Qh3+ 52. Kg1) 51... Qh3 $1 52. Bf3 Bg4 53. Ke2 Bxf3+ 54. Qxf3 Qxh4 55. e5 $19 dxe5 0-1

[Event "ESTCC U65 2018"]
[Site "Walbrzych"]
[Date "2018.04.17"]
[Round "4"]
[White "Carlsten, Peter"]
[Black "Staechelin, Ruedi"]
[Result "1-0"]
[ECO "B01"]
[WhiteElo "2010"]
[BlackElo "2091"]
[Annotator "NA"]
[PlyCount "57"]
[EventDate "2018.??.??"]
[EventCountry "POL"]
[SourceTitle "playchess.com"]
[Source "ChessBase"]
[SourceQuality "1"]
[WhiteTeam "Sweden"]
[BlackTeam "Switzerland"]
[WhiteTeamCountry "SWE"]
[BlackTeamCountry "SUI"]
[TimeControl "40/5400+30:1800+30"]

1. e4 d5 2. exd5 Qxd5 3. Nc3 Qd6 4. d4 Nf6 5. Nf3 c6 6. g3 {[%emt 0:01:14] B01: Scandinavian Defence} (6. h3 Nbd7 7. Bd3 g6 8. O-O Bg7 9. Re1 O-O 10. Qe2 e6 11. Bg5 b6 12. Rad1 Bb7 13. Ne5 c5 14. dxc5 Qxe5 15. Qxe5 Nxe5 16. Rxe5 {1-0 (90) Guseinov,G (2645)-Carlsen,M (2832) chess.com INT 2017}) 6... Bf5 7. Bg2 e6 8. O-O {[%emt 0:02:02] LiveBook: 52 Games} Be7 9. Bf4 Qd8 10. h3 h6 11. Ne5 O-O 12. Re1 Nd5 $146 ({Predecessor:} 12... Nbd7 13. Nc4 Nb6 {0-1 (47) Mannion,S (2347)-Tiviakov,S (2668) Douglas 2014}) 13. Nxd5 exd5 14. Qd2 Nd7 15. c4 Nf6 16. g4 Ne4 17. Qe3 Bh7 18. f3 Nd6 19. c5 Nc8 20. Qb3 f6 21. Qxb7 fxe5 22. Bxe5 Nb6 23. cxb6 $18 axb6 24. Qxc6 Bh4 25. Re2 Bf6 26. f4 Be4 27. Bxe4 dxe4 28. Qxe4 Rc8 29. d5 1-0

[Event "ESTCC U65 2018"]
[Site "Walbrzych"]
[Date "2018.04.17"]
[Round "4"]
[White "Wademark, Helge"]
[Black "Rantanen, Veikko"]
[Result "1-0"]
[ECO "C05"]
[WhiteElo "2005"]
[BlackElo "2007"]
[Annotator "NA"]
[PlyCount "93"]
[EventDate "2018.??.??"]
[EventCountry "POL"]
[SourceTitle "playchess.com"]
[Source "ChessBase"]
[SourceQuality "1"]
[WhiteTeam "Sweden"]
[BlackTeam "Finland"]
[WhiteTeamCountry "SWE"]
[BlackTeamCountry "FIN"]
[TimeControl "40/5400+30:1800+30"]

1. e4 e6 2. d4 d5 3. Nd2 Nf6 4. e5 Nfd7 5. f4 c5 6. c3 Nc6 7. Ndf3 Qb6 8. Ne2 Be7 9. g3 cxd4 10. cxd4 O-O 11. Bh3 f5 12. O-O {[%emt 0:03:27] C05: French Tarrasch: 3...Nf6 4 e5 Nfd7, 5 f4 and 5 Bd3 sidelines} Qd8 13. Kh1 {[#]} Qe8 $146 ({Predecessor:} 13... Nb6 14. b3 a5 15. a4 Nb4 16. Ba3 Ra6 17. Rg1 Na8 18. g4 Nc7 19. gxf5 exf5 {½-½ (70) Ayala,G-Rodriguez Vila,A (2538) Avellaneda 2007}) 14. Rg1 Qh5 15. Qf1 Kh8 16. Bd2 Nb6 17. b3 Bd7 18. Bg2 Rac8 19. a3 Nd8 20. Nc3 Nf7 21. Qd3 Nh6 22. Rgc1 Ng4 23. Kg1 a6 24. h3 Nh6 25. a4 Nf7 26. Ne2 Nd8 27. Ba5 Na8 28. Rxc8 Bxc8 29. Rc1 $11 Nc6 30. Bc3 Bd7 31. Kf2 Rc8 32. Bd2 Qe8 33. g4 Bb4 34. Rxc6 Rxc6 35. Bxb4 Qc8 36. gxf5 exf5 37. Ng5 Be6 38. Nxe6 Qxe6 39. Nc3 Qh6 40. Qxf5 g6 41. Qg5 Qxg5 42. fxg5 Nc7 43. Ke2 b6 44. Kd3 a5 45. Bd6 Ne6 46. Bxd5 Nf4+ 47. Ke4 1-0

[Event "ESTCC U65 2018"]
[Site "Walbrzych"]
[Date "2018.04.17"]
[Round "4"]
[White "Alkkiomaki, Jyrki"]
[Black "Lundgren, Ulf"]
[Result "0-1"]
[ECO "B38"]
[WhiteElo "1967"]
[BlackElo "1989"]
[Annotator "NA"]
[PlyCount "105"]
[EventDate "2018.??.??"]
[EventCountry "POL"]
[SourceTitle "playchess.com"]
[Source "ChessBase"]
[SourceQuality "1"]
[WhiteTeam "Finland"]
[BlackTeam "Sweden"]
[WhiteTeamCountry "FIN"]
[BlackTeamCountry "SWE"]
[TimeControl "40/5400+30:1800+30"]

1. e4 c5 2. Nf3 Nc6 3. d4 cxd4 4. Nxd4 g6 5. c4 Bg7 6. Be3 d6 7. Nc3 Nf6 8. Be2 O-O 9. O-O Bd7 10. Rc1 Rc8 11. h3 Ne8 12. Re1 Ne5 $16 13. b3 Bc6 14. f4 Nd7 15. Bf3 Qa5 16. Nd5 Qd8 17. Rc2 Nef6 18. Rce2 Nc5 19. Bf2 Re8 20. Qd2 e5 21. fxe5 dxe5 22. Nc2 Ne6 23. Rd1 Nf4 24. Ree1 Bxd5 25. exd5 b6 26. Nb4 Qd6 27. Nd3 Nxd3 28. Qxd3 Nd7 29. Qb1 a5 30. Rd2 f5 31. Bd1 e4 32. Rde2 Bc3 33. Rf1 Qe5 34. Bc2 Bd4 35. Qe1 Nc5 36. a3 Bxf2+ 37. Qxf2 h5 38. b4 axb4 39. axb4 Nd7 40. Ba4 Rcd8 41. Bxd7 Rxd7 42. Qxb6 Rd6 43. Qc5 Rf6 44. b5 f4 45. Rfe1 f3 46. Rxe4 Qxe4 47. Rxe4 Rxe4 48. gxf3 Rxf3 49. d6 Ree3 50. Qd5+ Kg7 51. d7 Re1+ 52. Kg2 Rfe3 53. Qd4+ 0-1

[Event "ESTCC U65 2018"]
[Site "Walbrzych"]
[Date "2018.04.17"]
[Round "4"]
[White "Tichatschke, Wolfgang"]
[Black "Hurme, Harri"]
[Result "0-1"]
[ECO "A05"]
[WhiteElo "1967"]
[BlackElo "2229"]
[Annotator "NA"]
[PlyCount "78"]
[EventDate "2018.??.??"]
[EventCountry "POL"]
[SourceTitle "playchess.com"]
[Source "ChessBase"]
[SourceQuality "1"]
[WhiteTeam "Germany"]
[BlackTeam "Finland"]
[WhiteTeamCountry "GER"]
[BlackTeamCountry "FIN"]
[TimeControl "40/5400+30:1800+30"]

1. Nf3 Nf6 2. g3 g6 3. Bg2 Bg7 4. O-O O-O 5. d3 d5 6. Bg5 {[%emt 0:00:17] A07: Réti Opening: New York and Capablanca Systems} (6. Nbd2 c5 7. e4 Nc6 8. c3 Bg4 9. Qc2 Qd7 10. Re1 dxe4 11. dxe4 Rfd8 12. Nc4 Bxf3 13. Bxf3 b5 14. e5 bxc4 15. exf6 Bxf6 16. Bf4 Rac8 {0-1 (41) Petrosian,T (2601)-Wang,H (2709) Riadh 2017}) 6... c6 7. Nbd2 h6 $146 ({Predecessor:} 7... Nbd7 8. c3 Re8 9. Qc2 Nf8 10. e4 dxe4 11. Nxe4 Nxe4 12. dxe4 f6 13. Be3 e5 {1-0 (22) Kashutin,M (1872)-Osankin,S (1663) Cheliabinsk 2010}) 8. Bf4 Nfd7 9. d4 f6 10. c3 e5 11. Be3 Re8 12. Qb3 Kh7 13. dxe5 fxe5 14. Rad1 Nf6 15. Bc5 Nbd7 16. Ba3 Qb6 17. Qc2 e4 18. Nh4 Ne5 19. Nb3 $17 Bf8 20. Bxf8 Rxf8 21. Bh1 Bh3 22. Bg2 Bd7 23. Bh1 Rae8 24. Ng2 Bh3 25. Nd4 Nfg4 26. Nf4 Bxf1 27. Rxf1 Rf7 28. h3 Nf6 29. e3 c5 30. Nde2 c4 31. b3 Nd3 32. Nd4 Qd6 33. bxc4 dxc4 34. Qe2 Nd5 35. Qg4 Nxc3 36. Nde6 Ne5 37. Qh4 Rxe6 38. Nxe6 Qxe6 39. Bxe4 Nxe4 0-1

[Event "ESTCC U65 2018"]
[Site "Walbrzych"]
[Date "2018.04.17"]
[Round "4"]
[White "Kauko, Pekka"]
[Black "Grahn, Lars"]
[Result "1/2-1/2"]
[ECO "A81"]
[WhiteElo "1961"]
[BlackElo "1949"]
[Annotator "NA"]
[PlyCount "65"]
[EventDate "2018.??.??"]
[EventCountry "POL"]
[SourceTitle "playchess.com"]
[Source "ChessBase"]
[SourceQuality "1"]
[WhiteTeam "Finland"]
[BlackTeam "Sweden"]
[WhiteTeamCountry "FIN"]
[BlackTeamCountry "SWE"]
[TimeControl "40/5400+30:1800+30"]

1. d4 f5 2. g3 Nf6 3. Bg2 g6 4. Nc3 d5 5. Bg5 Bg7 6. Bxf6 Bxf6 7. Nxd5 Bg7 8. c3 c6 9. Nf4 O-O 10. Nf3 e6 11. h4 Na6 12. Qb3 Nc7 13. Ng5 Qe7 14. O-O-O Bf6 15. Kb1 Bxg5 16. hxg5 Qxg5 17. e4 fxe4 18. Bxe4 Nd5 19. Nd3 Nf6 20. Nc5 (20. Bg2 $18) 20... Nxe4 $16 21. Nxe4 Qd5 22. Qc2 e5 23. dxe5 Qxe5 24. f4 Qe7 25. Nd6 Bf5 26. Nxf5 Rxf5 27. Rhe1 Qf7 28. Qe4 Rf8 29. Rd2 Ra5 30. b3 Qf5 31. Kb2 Qxe4 32. Rxe4 Raf5 33. c4 1/2-1/2

[Event "ESTCC U65 2018"]
[Site "Walbrzych"]
[Date "2018.04.17"]
[Round "4"]
[White "Nilsson, Christer"]
[Black "Ranki, Martti"]
[Result "1-0"]
[ECO "B32"]
[WhiteElo "1931"]
[BlackElo "1942"]
[Annotator "NA"]
[PlyCount "69"]
[EventDate "2018.??.??"]
[EventCountry "POL"]
[SourceTitle "playchess.com"]
[Source "ChessBase"]
[SourceQuality "1"]
[WhiteTeam "Sweden"]
[BlackTeam "Finland"]
[WhiteTeamCountry "SWE"]
[BlackTeamCountry "FIN"]
[TimeControl "40/5400+30:1800+30"]

1. e4 c5 2. Nf3 Nc6 3. d4 cxd4 4. Nxd4 d6 5. Nc3 Bd7 6. Be2 g6 7. Be3 Bg7 8. Qd2 Nf6 9. h3 O-O 10. Nb3 Re8 11. O-O a6 12. f4 b5 13. a3 Qc7 14. Rad1 Rad8 15. Qe1 b4 16. Nd5 Qb7 17. axb4 Nxd5 18. exd5 Nxb4 $11 19. Na5 Qb8 20. Qd2 Bb5 21. c4 Bd7 22. Bg4 Bxg4 23. hxg4 e6 24. dxe6 Rxe6 25. Rf3 Rde8 26. Bf2 d5 27. Rb3 Bf8 28. c5 Qc7 29. Qxb4 Re2 30. Rxd5 R8e4 31. Qb6 Qxf4 32. Rf3 Qc1+ 33. Kh2 Rxg4 34. Qf6 Qf1 35. Qxf7+ 1-0

[Event "ESTCC U65 2018"]
[Site "Walbrzych"]
[Date "2018.04.17"]
[Round "4"]
[White "Ruotanen, Helge"]
[Black "Mortensen, Steen Juul"]
[Result "1/2-1/2"]
[ECO "B26"]
[WhiteElo "1921"]
[BlackElo "1940"]
[Annotator "NA"]
[PlyCount "38"]
[EventDate "2018.??.??"]
[EventCountry "POL"]
[SourceTitle "playchess.com"]
[Source "ChessBase"]
[SourceQuality "1"]
[WhiteTeam "Finland"]
[BlackTeam "Denmark"]
[WhiteTeamCountry "FIN"]
[BlackTeamCountry "DEN"]
[TimeControl "40/5400+30:1800+30"]

1. g3 g6 2. d3 Bg7 3. Bg2 c5 4. Nc3 Nc6 5. e4 d6 6. Be3 e6 7. Qd2 Nge7 8. Nge2 Nd4 9. O-O Qa5 10. Kh1 Nec6 11. Qc1 Nb4 12. Bxd4 cxd4 13. Nb1 Bd7 14. Nd2 Rc8 15. Nc4 Qc5 16. a3 Nxc2 17. Qxc2 b5 18. Nxd6+ Qxd6 19. Qd2 O-O 1/2-1/2

[Event "ESTCC U65 2018"]
[Site "Walbrzych"]
[Date "2018.04.17"]
[Round "4"]
[White "Marks, Ian A"]
[Black "Lisenko, Alexander V"]
[Result "0-1"]
[ECO "A46"]
[WhiteElo "1895"]
[BlackElo "2368"]
[Annotator "NA"]
[PlyCount "42"]
[EventDate "2018.??.??"]
[EventCountry "POL"]
[SourceTitle "playchess.com"]
[Source "ChessBase"]
[SourceQuality "1"]
[WhiteTeam "Scotland"]
[BlackTeam "Russia"]
[WhiteTeamCountry "SCO"]
[BlackTeamCountry "RUS"]
[TimeControl "40/5400+30:1800+30"]

1. d4 Nf6 2. Nf3 e6 3. e3 b6 4. Bd3 Bb7 5. O-O c5 6. c4 cxd4 7. exd4 Be7 8. Nc3 d5 9. cxd5 Nxd5 10. Re1 Nxc3 {[%emt 0:02:46] E14: Queen's Indian: Classical Variation (4 e3)} 11. bxc3 Nd7 12. Qe2 O-O 13. Bb2 $146 ({Predecessor:} 13. Bf4 Nf6 14. Be5 Rc8 15. c4 Bd6 16. Rad1 Bb4 17. Rf1 Nd7 18. h4 Bxf3 19. Qxf3 Nxe5 20. dxe5 Qxh4 21. g3 Qg5 22. Qe4 g6 23. Kg2 {½-½ (23) Laxman,R (2390)-Meister,J (2504) playchess.com INT 2006}) 13... Bf6 14. Ne5 Bxe5 15. dxe5 Nc5 16. Bxh7+ Kxh7 17. Qh5+ Kg8 18. Re3 Qd5 19. Rg3 Qe4 20. f3 Qe3+ 21. Kh1 Nd3 $19 0-1

[Event "ESTCC U65 2018"]
[Site "Walbrzych"]
[Date "2018.04.17"]
[Round "4"]
[White "Karppinen, Martti"]
[Black "Patola, Eero"]
[Result "1-0"]
[ECO "A85"]
[WhiteElo "1894"]
[BlackElo "1823"]
[Annotator "NA"]
[PlyCount "63"]
[EventDate "2018.??.??"]
[EventCountry "POL"]
[SourceTitle "playchess.com"]
[Source "ChessBase"]
[SourceQuality "1"]
[WhiteTeam "Finland"]
[BlackTeam "Finland"]
[WhiteTeamCountry "FIN"]
[BlackTeamCountry "FIN"]
[TimeControl "40/5400+30:1800+30"]

1. d4 f5 2. c4 Nf6 3. Nc3 g6 4. Bf4 Bg7 5. Nf3 d6 6. Qd2 O-O {A85: Dutch Defence: 2 c4 Nf6 3 Nc3} 7. Bh6 c6 8. Bxg7 Kxg7 9. e3 a6 $146 ({Find the theoretical novelty and annotate with similar games:} 9... Qe8 10. d5 h6 11. Be2 Na6 {1-0 (46) Delgado Ramirez,N (2570)-Cori Tello,D (2414) Montevideo 2011}) 10. d5 Bd7 11. Bd3 h6 12. O-O c5 13. e4 fxe4 14. Nxe4 Bg4 (14... Nxe4 {was necessary.} 15. Bxe4 Rf6) 15. Nh4 Nxe4 16. Bxe4 Bf5 17. Qc3+ Kh7 18. Bxf5 gxf5 19. Rae1 Rf7 $18 (19... e5 {was called for.}) 20. Re6 Nd7 21. Qe3 Qf8 22. Ng6 Qg7 23. h4 Rg8 24. g3 Nf6 25. Nxe7 Ng4 26. Qe2 Re8 27. Re1 Ne5 28. Nxf5 Rxf5 29. Rxe8 Nf3+ 30. Kf1 Nxe1 31. Re7 Rxf2+ 32. Kxf2 1-0